 Dungeon Crawl Stone Soup version 0.24.0-37-gcf1ca852f1 (webtiles) character file.

Game seed: 16967530565057037243, levelgen mode: deterministic

196 FishyPogo the Charmwright (level 5, -12/43 HPs)
             Began as a Gnoll Skald on Dec 7, 2019.
             Was an Initiate of Qazlal.
             Killed by divine providence
             ... invoked by an orc priest
              (13 damage)
             ... on level 3 of the Dungeon.
             The game lasted 00:08:19 (1739 turns).

FishyPogo the Charmwright (Gnoll Skald)             Turns: 1739, Time: 00:08:20

Health: -12/43     AC:  7    Str: 13    XL:     5   Next: 74%
Magic:  6/12       EV: 14    Int: 16    God:    Qazlal [......]
Gold:   156        SH:  0    Dex: 15    Spells: 3/14 levels left

rFire    . . .     SeeInvis .   a - +3 falchion (flame)
rCold    . . .     Gourm    .   (no shield)
rNeg     . . .     Faith    .   b - +0 leather armour
rPois    .         Spirit   .   (no helmet)
rElec    .         Reflect  .   e - +0 cloak
rCorr    .         Harm     .   (no gloves)
MR       .....                  (no boots)
Stlth    ++........             (no amulet)
HPRegen  0.14/turn              f - +3 ring of protection
MPRegen  0.13/turn              (no ring)

@: shrouded, very slightly contaminated
A: distributed training, fangs 1, strong nose
a: Renounce Religion


You were on level 3 of the Dungeon.
You worshipped Qazlal.
Qazlal was noncommittal.
You were not hungry.

You visited 1 branch of the dungeon, and saw 3 of its levels.

You collected 156 gold pieces.

Inventory:

Hand Weapons
 a - a +3 falchion of flaming (weapon)
Missiles
 g - 109 stones (quivered)
 n - 7 atropa-tipped darts
 w - 15 poisoned darts
Armour
 b - a +0 leather armour (worn)
 e - a +0 cloak (worn)
Jewellery
 f - a +3 ring of protection (left hand)
 t - an uncursed ring of protection from cold {unknown}
Scrolls
 k - a scroll of teleportation {unknown}
 l - 5 scrolls of identify {unknown}
 o - 2 scrolls of remove curse {unknown}
 p - a scroll of immolation {unknown}
 q - a scroll of enchant weapon {unknown}
 s - a scroll of fog {unknown}
 u - a scroll of magic mapping {unknown}
 v - a scroll of enchant armour {unknown}
 y - a scroll of amnesia {unknown}
Potions
 c - 3 potions of curing {unknown}
 h - a potion of ambrosia {unknown}
 i - 2 potions of haste {unknown}
 j - a potion of might {unknown}
 m - a potion of brilliance {unknown}
 r - 2 potions of heal wounds {unknown}
 x - a potion of flight {unknown}
Comestibles
 d - 8 rations
 z - 11 chunks of flesh


   Skills:
 + Level 4.8 Fighting
 + Level 4.8 Short Blades
 + Level 1.6 Long Blades
 + Level 1.6 Axes
 + Level 1.6 Maces & Flails
 + Level 1.6 Polearms
 + Level 1.6 Staves
 + Level 1.6 Slings
 + Level 1.6 Bows
 + Level 1.6 Crossbows
 + Level 1.6 Throwing
 + Level 3.0 Armour
 + Level 4.8 Dodging
 + Level 1.6 Stealth
 + Level 1.6 Shields
 + Level 1.6 Unarmed Combat
 + Level 5.2 Spellcasting
 + Level 1.2 Conjurations
 + Level 1.2 Hexes
 + Level 5.5 Charms
 + Level 1.2 Summonings
 + Level 1.2 Necromancy
 + Level 1.2 Translocations
 + Level 1.2 Transmutations
 + Level 1.2 Fire Magic
 + Level 1.2 Ice Magic
 + Level 1.2 Air Magic
 + Level 1.2 Earth Magic
 + Level 1.2 Poison Magic
 + Level 1.8 Invocations
 + Level 1.6 Evocations


You had 3 spell levels left.
You knew the following spells:

 Your Spells              Type           Power        Failure   Level  Hunger
h - Regeneration          Chrm/Necr      ###.......   14%         3    ###....
n - Spectral Weapon       Hex/Chrm       ###.....     14%         3    ###....
p - Shroud of Golubria    Chrm/Tloc      ###...       7%          2    #......
u - Song of Slaying       Chrm           ###.....     3%          2    #......
y - Infusion              Chrm           ###.         1%          1    None

Your spell library contained the following spells:

 Spells                   Type           Power        Failure   Level  Hunger


Dungeon Overview and Level Annotations

Branches:
Dungeon (3/15)

Altars:
Qazlal


Innate Abilities, Weirdness & Mutations

Your experience applies equally to all skills.
You have very sharp teeth.
Your uncanny sense of smell can sniff out nearby items.


Message History

You kill the goblin!
Qazlal accepts your kill.
Casting: Song of Slaying (safe; 3% risk of failure)
Confirm with . or Enter, or press ? or * to list all spells.
Space distorts slightly along a thin shroud covering your body.
The orc priest invokes the aid of Beogh against you.
Beogh smites you!
* * * LOW HITPOINT WARNING * * *
Casting: Shroud of Golubria (safe; 7% risk of failure)
Confirm with . or Enter, or press ? or * to list all spells.
You miscast Regeneration.
Nothing appears to happen.
The orc closely misses you.
The orc priest hits you but does no damage.
You barely miss the orc priest.
You bite the orc priest, but do no damage.
The orc priest is heavily wounded.
The orc misses you.
The orc priest mumbles some strange prayers to Beogh against you.
Beogh smites you!
You die...

## . ∆ . .# ##.# #
o.. #.######
#####o#.# #.#....###
#...@o..#
#........###.###...#
#...........#
.......
#.......#####
#..##### ###...###
#..# #...# #..#
##.## #..# #.# #..#
######.# ####..#####
∆


You could see an orc priest and 2 orcs.

Vanquished Creatures
  A hound (D:3)
  2 orc priests (D:3)
  4 adders (D:2)
  3 worms
  4 leopard geckos
  5 orcs (D:3)
  5 bats
  2 giant cockroaches
  9 goblins
  6 hobgoblins
  3 jackals (D:1)
  A ball python (D:2)
  A frilled lizard (D:2)
  7 kobolds
  4 rats
57 creatures vanquished.

Notes
Turn   | Place    | Note
-------+----------+-------------------------------------------
     0 | D:1      | FishyPogo the Gnoll Skald began the quest for the Orb.
     0 | D:1      | Reached XP level 1. HP: 20/20 MP: 6/6
    97 | D:1      | Reached XP level 2. HP: 26/26 MP: 3/7
   101 | D:1      | Learned a level 2 spell: Song of Slaying
   105 | D:1      | Learned a level 2 spell: Shroud of Golubria
   521 | D:1      | Reached XP level 3. HP: 31/31 MP: 9/9
   526 | D:1      | Learned a level 3 spell: Regeneration
   530 | D:1      | Learned a level 3 spell: Spectral Weapon
   740 | D:2      | Reached skill level 5 in Spellcasting
   844 | D:2      | Reached skill level 1 in Invocations
  1005 | D:2      | Reached skill level 1 in Long Blades
  1005 | D:2      | Reached skill level 1 in Axes
  1005 | D:2      | Reached skill level 1 in Maces & Flails
  1005 | D:2      | Reached skill level 1 in Polearms
  1005 | D:2      | Reached skill level 1 in Staves
  1005 | D:2      | Reached skill level 1 in Slings
  1005 | D:2      | Reached skill level 1 in Bows
  1005 | D:2      | Reached skill level 1 in Crossbows
  1005 | D:2      | Reached skill level 1 in Throwing
  1005 | D:2      | Reached skill level 1 in Stealth
  1005 | D:2      | Reached skill level 1 in Shields
  1005 | D:2      | Reached skill level 1 in Unarmed Combat
  1005 | D:2      | Reached skill level 1 in Evocations
  1014 | D:2      | Reached XP level 4. HP: 30/38 MP: 6/11
  1391 | D:3      | Reached skill level 1 in Conjurations
  1391 | D:3      | Reached skill level 1 in Hexes
  1391 | D:3      | Reached skill level 1 in Summonings
  1391 | D:3      | Reached skill level 1 in Necromancy
  1391 | D:3      | Reached skill level 1 in Translocations
  1391 | D:3      | Reached skill level 1 in Transmutations
  1391 | D:3      | Reached skill level 1 in Fire Magic
  1391 | D:3      | Reached skill level 1 in Ice Magic
  1391 | D:3      | Reached skill level 1 in Air Magic
  1391 | D:3      | Reached skill level 1 in Earth Magic
  1391 | D:3      | Reached skill level 1 in Poison Magic
  1537 | D:3      | Reached XP level 5. HP: 27/43 MP: 1/12
  1657 | D:3      | Found a stormy altar of Qazlal.
  1665 | D:3      | Became a worshipper of Qazlal Stormbringer
  1737 | D:3      | HP: 1/43 [orc priest/divine providence (16)]
  1739 | D:3      | Killed from afar by an orc priest

Levels and vault maps discovered:
D:1:      lemuel_arrival_rhombus, layout_loops_ring
D:2:      layout_rooms, first_ration
D:3:      layout_loops_ring, old_standard_altar, minivault_26, corner_web_ring,
          minmay_goblin_outpost

Skill      XL: |  1  2  3  4  5 |
---------------+----------------+-----
Spellcasting   | 5 |  5.2
Invocations    | 1 |  1.8
Long Blades    | 1 |  1.6
Axes           | 1 |  1.6
Maces & Flails | 1 |  1.6
Polearms       | 1 |  1.6
Staves         | 1 |  1.6
Slings         | 1 |  1.6
Bows           | 1 |  1.6
Crossbows      | 1 |  1.6
Throwing       | 1 |  1.6
Stealth        | 1 |  1.6
Shields        | 1 |  1.6
Unarmed Combat | 1 |  1.6
Evocations     | 1 |  1.6
Conjurations   | 1 |  1.2
Hexes          | 1 |  1.2
Summonings     | 1 |  1.2
Necromancy     | 1 |  1.2
Translocations | 1 |  1.2
Transmutations | 1 |  1.2
Fire Magic     | 1 |  1.2
Ice Magic      | 1 |  1.2
Air Magic      | 1 |  1.2
Earth Magic    | 1 |  1.2
Poison Magic   | 1 |  1.2
Armour         | 3 |  3.0
Fighting       | |  4.8
Short Blades   | |  4.8
Dodging        | |  4.8
Charms         | |  5.5

Action                   |  1- 3 |  4- 6 || total
-------------------------+-------+-------++-------
Melee: Short sword       |   110 |    63 ||   173
       Bite              |    14 |     6 ||    20
       Falchion          |       |     8 ||     8
 Cast: Infusion          |     2 |     3 ||     5
       Song of Slaying   |     4 |     5 ||     9
       Shroud of Golubri |     1 |     3 ||     4
       Spectral Weapon   |     4 |       ||     4
       Regeneration      |       |     2 ||     2
 Stab: Sleeping          |     2 |       ||     2
  Eat: Chunk             |     1 |     3 ||     4
Armor: Leather armour    |    24 |    11 ||    35
Dodge: Dodged            |    76 |    50 ||   126
       Rpst.: Falchion   |       |     7 ||     7
